 Dungeon Crawl Stone Soup version 0.29-a0-1043-g569b05d6ff (webtiles) character file.

Game seed: 17706804174121864531

182 siradein the Skirmisher (level 5, 0/30 HPs)
             Began as a Kobold Hunter on Aug 15, 2022.
             Slain by a gnoll
             ... wielding a +0 flail
              (2 damage)
             ... on level 3 of the Dungeon.
             The game lasted 00:03:12 (2161 turns).

siradein the Skirmisher (Kobold Hunter)             Turns: 2161, Time: 00:03:14

Health: 0/30       AC:  4    Str:  8    XL:     5   Next: 93%
Magic:  5/5        EV: 14    Int: 17    God:
Gold:   143        SH:  0    Dex: 20    Spells: 4/4 levels left

rFire   + . .      SeeInvis .   a - +0 shortbow
rCold   . . .      Faith    .   (shield currently unavailable)
rNeg    . . .      Spirit   .   c - +0 leather armour
rPois   .          Reflect  .   s - +0 helmet
rElec   .          Harm     .   (no cloak)
rCorr   .          Rampage  .   (no gloves)
Will    .....                   (no boots)
Stlth   +++.......              g - amulet of regeneration
HPRegen 0.90/turn               d - ring of protection from fire
MPRegen 0.09/turn               h - +6 ring of intelligence

@: no status effects
A: small, no large weapons, nightstalker 3
a: no special abilities


You were on level 3 of the Dungeon.
You visited 1 branch of the dungeon, and saw 3 of its levels.

You collected 143 gold pieces.

Inventory:

Hand Weapons
 a - a +0 shortbow (weapon)
Armour
 c - a +0 leather armour (worn)
 s - a +0 helmet (worn)
Jewellery
 d - a ring of protection from fire (left hand)
 g - an amulet of regeneration (around neck)
 h - a +6 ring of intelligence (right hand)
Scrolls
 b - 2 scrolls of immolation
 i - a scroll of brand weapon {unknown}
 j - a scroll of enchant weapon {unknown}
 k - 2 scrolls of identify {unknown}
 l - a scroll of vulnerability {unknown}
 o - a scroll of enchant armour {unknown}
 p - a scroll of torment {unknown}
Potions
 e - 3 potions of curing
 f - 2 potions of might {unknown}
 m - a potion of invisibility {unknown}
 n - 2 potions of berserk rage {unknown}
 q - 3 potions of heal wounds {unknown}
 r - a potion of attraction {unknown}


   Skills:
 - Level 2.1 Fighting
 + Level 8.8 Ranged Weapons
 - Level 2.4 Dodging
 - Level 1.3 Stealth


You had 4 spell levels left.
You didn't know any spells.
Your spell library contained the following spells:

 Spells                   Type           Power      Damage    Failure   Level
 Foxfire                  Conj/Fire      0%         2x1d4     34%         1
 Magic Dart               Conj           0%         1d3       34%         1
 Summon Small Mammal      Summ           0%         N/A       34%         1
 Blink                    Tloc           0%         N/A       45%         2
 Call Imp                 Summ           0%         N/A       45%         2
 Call Canine Familiar     Summ           0%         N/A       71%         3
 Mephitic Cloud           Conj/Pois/Air  0%         N/A       71%         3
 Summon Guardian Golem    Hex/Summ       0%         N/A       71%         3
 Manifold Assault         Tloc           0%         N/A       100%        5
 Storm Form               Tmut/Air       0%         N/A       100%        7


Dungeon Overview and Level Annotations

Branches:
Dungeon (3/15)

Altars:
The Shining One


Innate Abilities, Weirdness & Mutations

You are small and have problems with some larger weapons.
You are completely attuned to the shadows.


Message History

Fire: a) +0 shortbow
Press: ? - help, Q - select action Shift-Dir - straight line, f/p - gnoll
Aim: a gnoll, wielding a +0 flail (almost dead, 70% to hit)
You shoot an arrow.
The arrow hits the gnoll but does no damage.
The gnoll is almost dead.
The gnoll hits you with a +0 flail.
* * * LOW HITPOINT WARNING * * *
Fire: a) +0 shortbow
Press: ? - help, Q - select action Shift-Dir - straight line, f/p - gnoll
Aim: a gnoll, wielding a +0 flail (almost dead, 70% to hit)
You shoot an arrow. The arrow hits the gnoll.
You kill the gnoll!
Fire: a) +0 shortbow
Press: ? - help, Q - select action Shift-Dir - straight line, f - gnoll
Aim: a gnoll, wielding a +0 flail (moderately wounded, 70% to hit)
You shoot an arrow. The arrow closely misses the gnoll.
The gnoll closely misses you.
Fire: a) +0 shortbow
Press: ? - help, Q - select action Shift-Dir - straight line, f/p - gnoll
Aim: a gnoll, wielding a +0 flail (moderately wounded, 70% to hit)
You shoot an arrow.
The arrow hits the gnoll but does no damage.
The gnoll is moderately wounded.
The gnoll hits you with a +0 flail!
* * * LOW HITPOINT WARNING * * *
The gnoll closely misses you.
Fire: a) +0 shortbow
Press: ? - help, Q - select action Shift-Dir - straight line, f/p - gnoll
Aim: a gnoll, wielding a +0 flail (moderately wounded, 70% to hit)
You shoot an arrow. The arrow hits the gnoll!
The gnoll is almost dead.
The gnoll hits you with a +0 flail.
* * * LOW HITPOINT WARNING * * *
Fire: a) +0 shortbow
Press: ? - help, Q - select action Shift-Dir - straight line, f/p - gnoll
Aim: a gnoll, wielding a +0 flail (almost dead, 70% to hit)
You shoot an arrow. The arrow barely misses the gnoll.
The gnoll hits you with a +0 flail.
You die...

#.# #......##
#.###.......#
#..##....#..#
#........#..#
#....##..###...#..#
#....##..# #..<...#
#....##..# #...##.#
#....##..###......#
#....g@..#......#.#
#...)###...##...#####
#..... ##...........#
......# #.###...#.#.#
......# #.#
#.###.#.### #.#
#.....#....
#.###.#########
#..##.#..######
##.##.#.##.....


You could see a gnoll.

Vanquished Creatures
  Jessica (D:2)
  Robin (D:3)
  2 gnolls (D:3)
  5 adders
  4 worms
  A dart slug (D:2)
  4 orcs (D:3)
  5 ball pythons
  4 endoplasms
  2 giant cockroaches
  8 goblins
  8 hobgoblins
  3 jackals (D:2)
  3 kobolds
  A quokka (D:1)
  6 bats
  3 frilled lizards (D:2)
  3 rats
64 creatures vanquished.

Vanquished Creatures (others)
  4 toadstools (D:3)
4 creatures vanquished.

Grand Total: 68 creatures vanquished

Notes
Turn   | Place    | Note
-------+----------+-------------------------------------------
     0 | D:1      | siradein the Kobold Hunter began the quest for the Orb.
     0 | D:1      | Reached XP level 1. HP: 12/12 MP: 1/1
   281 | D:1      | Reached XP level 2. HP: 17/17 MP: 2/2
   339 | D:1      | Reached skill level 6 in Ranged Weapons
   679 | D:1      | Found a faded altar of an unknown god.
   684 | D:1      | Got Plato's Collected Works on the Summer
  1074 | D:2      | Reached XP level 3. HP: 21/21 MP: 3/3
  1169 | D:2      | Reached skill level 7 in Ranged Weapons
  1281 | D:2      | Reached XP level 4. HP: 26/26 MP: 4/4
  1490 | D:2      | Noticed Jessica
  1499 | D:2      | Killed Jessica
  1500 | D:2      | Reached skill level 8 in Ranged Weapons
  1500 | D:2      | Reached XP level 5. HP: 18/30 MP: 5/5
  1885 | D:3      | Noticed Robin
  1908 | D:3      | Killed Robin
  2099 | D:3      | Found a glowing golden altar of the Shining One.
  2160 | D:3      | HP: 1/30 [gnoll/+0 flail (5)]
  2161 | D:3      | Slain by a gnoll

Illustrated notes

Levels and vault maps discovered:
D:1:      spicycebolla_arrival_xxxplode, layout_basic,
          shapermc_ecumenical_altar_rom_forum, nicolae_figureground_sparkle
D:2:      minmay_recursive_quarters, layout_basic, uniq_jessica
D:3:      cheibrodos_fertilizer, layout_basic, mainiacjoe_overflow_alcove_2,
          nicolae_overflow_squiral, chequers_serial_rivers_micro_d, uniq_robin

Skill      XL: |  1  2  3  4 |
---------------+-------------+-----
Ranged Weapons | 6 7 8 |  8.8
Fighting       | |  2.1
Dodging        | |  2.4
Stealth        | |  1.3

Action                   |  1- 3 |  4- 6 || total
-------------------------+-------+-------++-------
 Fire: Shortbow          |    70 |   120 ||   190
Armor: Leather armour    |     2 |     7 ||     9
Dodge: Dodged            |    18 |    51 ||    69

Table legend: (Time is in decaauts)
 A = Elapsed time spent in this place.
 B = Non-inter-level travel time spent in this place.
 C = Inter-level travel time spent in this place.
 D = Time resting spent in this place.
 E = Time spent auto-exploring this place.
 F = Levels seen in this place.
 G = Mean time per level.
                   A        B        C        D        E       F      G
               +--------+--------+--------+--------+--------+-----+--------+
         Total |   2194 |   2129 |     65 |      0 |   1805 |   3 |  731.3 |
       Dungeon |   2194 |   2129 |     65 |      0 |   1805 |   3 |  731.3 |
               +--------+--------+--------+--------+--------+-----+--------+

Top non-repeatable levels by time:
     D:2: 993 daAuts
     D:1: 895 daAuts
     D:3: 305 daAuts
